 Dungeon Crawl Stone Soup version 0.29.1-1-gd02db69 (webtiles) character file.

Game seed: 12060726586467802013

23 Timinator the Insei (level 2, -2/23 HPs)
             Began as a Demigod Transmuter on Dec 21, 2022.
             Slain by a gnoll
             ... wielding a +0 flail
              (12 damage)
             ... on level 2 of the Dungeon.
             The game lasted 00:03:46 (879 turns).

Timinator the Insei (Demigod Transmuter)             Turns: 879, Time: 00:03:46

Health: -2/23      AC:  2    Str: 11    XL:     2   Next: 57%
Magic:  5/7        EV: 12    Int: 15    God:
Gold:   21         SH:  0    Dex: 14    Spells: 3/4 levels left

rFire   . . .      SeeInvis .     - Unarmed
rCold   . . .      Faith    .   (no shield)
rNeg    . . .      Spirit   .   a - +0 robe
rPois   .          Reflect  .   (helmet currently unavailable)
rElec   .          Harm     .   (no cloak)
rCorr   .          Rampage  .   (no gloves)
Will    .....                   (boots currently unavailable)
Stlth   +.........              (no amulet)
HPRegen 0.07/turn               (no ring)
MPRegen 0.10/turn               (no ring)

@: appendages, very slightly contaminated
A: horns 2, talons 2, high MP 1, forlorn, divine attributes
a: End Transformation


You were on level 2 of the Dungeon.
You had temporarily grown beastly horns and talons.
You visited 1 branch of the dungeon, and saw 2 of its levels.

You collected 21 gold pieces.

Inventory:

Armour
 a - a +0 robe (worn)
 e - a +0 ring mail
Scrolls
 d - a scroll of immolation {unknown}
 f - 2 scrolls of noise {unknown}
 g - a scroll of enchant armour {unknown}
 h - a scroll of vulnerability {unknown}
 i - a scroll of teleportation {unknown}
 k - a scroll of fear {unknown}
 l - 3 scrolls of acquirement {unknown}
 m - a scroll of torment {unknown}
Potions
 b - 2 potions of lignification
 c - a potion of berserk rage {unknown}
 j - a potion of might {unknown}


   Skills:
 * Level 1.1 Fighting
 * Level 0.5 Armour
 * Level 2.0 Dodging
 + Level 3.0 Unarmed Combat
 + Level 1.9 Spellcasting
 * Level 2.0 Transmutations


You had 3 spell levels left.
You knew the following spells:

 Your Spells              Type           Power      Damage    Failure   Level
a - Beastly Appendage     Tmut           14%        N/A       10%         1

Your spell library contained the following spells:

 Spells                   Type           Power      Damage    Failure   Level
 Wereblood                Tmut           7%         N/A       14%         2
 Spider Form              Tmut/Pois      4%         N/A       41%         3
 Ice Form                 Ice/Tmut       4%         N/A       82%         4


Dungeon Overview and Level Annotations

Branches:
Dungeon (2/15)


Innate Abilities, Weirdness & Mutations

You have temporarily grown beastly horns and talons.
You have an increased reservoir of magic. (+10% MP)
You shall have no god before yourself.
Your divine heritage dramatically boosts your attributes as you level up.


Message History

You barely miss the goblin. The goblin hits you but does no damage.
You closely miss the goblin. The goblin completely misses you.
You hit the goblin.
The goblin is heavily wounded.
The goblin hits you but does no damage.
You hit the goblin but do no damage.
The goblin is heavily wounded.
Your magical contamination has completely faded away.
There is a stone staircase leading up here.
The goblin hits you with a +0 club.
You climb upwards.
There is a stone staircase leading down here.
You closely miss the goblin.
The goblin is heavily wounded.
The goblin hits you but does no damage.
You hit the goblin.
You kill the goblin!
You see here a +0 club.
You start resting.
HP restored.
There is a stone staircase leading down here.
Casting: Beastly Appendage (safe; 10% risk of failure)
Confirm with . or Enter, or press ? or * to list all spells.
You miscast Beastly Appendage.
You are very lightly contaminated with residual magic.
Nothing appears to happen.
Casting: Beastly Appendage (safe; 10% risk of failure)
Confirm with . or Enter, or press ? or * to list all spells.
You grow a pair of large bovine horns.
Your feet morph into talons.
You climb downwards.
The gnoll hits you with a +0 flail! The gnoll closely misses you.
There is a stone staircase leading up here.
You barely miss the gnoll.
You headbutt the gnoll, but do no damage.
The gnoll hits you with a +0 flail.
You hit the gnoll. Your kick misses the gnoll.
The gnoll is lightly wounded.
The gnoll hits you with a +0 flail!
Ouch! That really hurt!
You die...

.. .# #..
.## #..
..##
#..#...#
#.#....+
##.....#
#####.....#
.........##
......g@##
######+##


You could see a gnoll.

Vanquished Creatures
  A dart slug (D:1)
  2 ball pythons (D:1)
  3 endoplasms (D:1)
  A giant cockroach (D:1)
  3 goblins (D:1)
  3 hobgoblins (D:1)
  A frilled lizard (D:1)
  A kobold (D:1)
  4 rats (D:1)
19 creatures vanquished.

Notes
Turn   | Place    | Note
-------+----------+-------------------------------------------
     0 | D:1      | Timinator the Demigod Transmuter began the quest for the
                  | Orb.
     0 | D:1      | Reached XP level 1. HP: 15/15 MP: 5/5
   106 | D:1      | Reached skill level 1 in Fighting
   467 | D:1      | Reached XP level 2. HP: 18/23 MP: 5/7
   629 | D:1      | Reached skill level 3 in Unarmed Combat
   879 | D:2      | Slain by a gnoll

Illustrated notes

Levels and vault maps discovered:
D:1:      minmay_arrival_glassed_features, layout_rooms, basic_ecumenical_altar
D:2:      minmay_recursive_quarters, layout_loops_corners, minmay_3d_cube,
          uniq_crazy_yiuf_cottage, uniq_sigmund

Skill      XL: |  1  2 |
---------------+-------+-----
Fighting       | 1 |  1.1
Transmutations | 2 |  2.0
Dodging        | 2 |  2.0
Unarmed Combat | 3 |  3.0
Armour         | |  0.5
Spellcasting   | |  1.9

Action                   || total
-------------------------++-------
Melee: Unarmed           ||    59
       Kick              ||     7
       Headbutt          ||     4
 Cast: Beastly Appendage ||    12
Armor: Robe              ||    11
Dodge: Dodged            ||    29
